 Dungeon Crawl Stone Soup version 0.21.0-22-g11d5b52 (webtiles) character file.

12 Faca the Conjurer (level 2, -7/15 HPs)
             Began as a Deep Elf Conjurer on Jan 18, 2018.
             Mangled by a wight
             ... wielding a cursed +1 dagger
              (8 damage)
             ... on level 1 of the Dungeon.
             The game lasted 00:03:07 (514 turns).

Faca the Conjurer (Deep Elf Conjurer)                Turns: 514, Time: 00:03:07

Health: -7/15      AC:  2    Str:  5    XL:     2   Next: 20%
Magic:  3/8        EV: 12    Int: 19    God:
Gold:   105        SH:  0    Dex: 15    Spells: 6/7 levels left

rFire    . . .     SeeInvis .   f - +0 short sword
rCold    . . .     Gourm    .   (no shield)
rNeg     . . .     Faith    .   a - +0 robe
rPois    .         Spirit   .   (no helmet)
rElec    .         Reflect  .   (no cloak)
rCorr    .         Harm     .   (no gloves)
MR       .....                  (no boots)
Stlth    +++.......             (no amulet)
HPRegen  0.05/turn              e - ring of stealth
MPRegen  0.11/turn              (no ring)

@: drained
A: no striking features
a: no special abilities


You were on level 1 of the Dungeon.
You were not hungry.

You visited 1 branch of the dungeon, and saw 2 of its levels.

You collected 105 gold pieces.

Inventory:

Hand Weapons
 f - a +0 short sword (weapon)
Missiles
 k - 15 sling bullets
 l - 62 stones (quivered)
Armour
 a - a +0 robe (worn)
Jewellery
 e - a ring of stealth (left hand)
Scrolls
 i - 2 scrolls of teleportation {unknown}
 j - a scroll of fear {unknown}
Potions
 d - a potion of agility {unknown}
 g - a potion of lignification {unknown}
 h - a potion of ambrosia {unknown}
Books
 b - a book of Conjurations

   Spells                             Type                      Level
   a - Magic Dart                     Conjuration                  1
   b - Searing Ray                    Conjuration                  2
   c - Dazzling Spray                 Conjuration/Hexes            3
   d - Fulminant Prism                Conjuration/Hexes            4
   e - Force Lance                    Conjuration/Translocation    4
   f - Iskenderun's Mystic Blast      Conjuration                  4
Comestibles
 c - a ration


   Skills:
 - Level 2.4(1.9) Dodging
 + Level 2.7(2.2) Stealth
 * Level 3.4(2.9) Spellcasting
 * Level 4.7(4.1) Conjurations


You had 6 spell levels left.
You knew the following spells:

 Your Spells              Type           Power        Failure   Level  Hunger
a - Magic Dart            Conj           ###.         2%          1    None


Dungeon Overview and Level Annotations

Branches:
Dungeon (2/15)

Altars:


Message History

The wight hits you with an enchanted dagger.
* * * LOW HITPOINT WARNING * * *
You feel drained.
* * * LOW HITPOINT WARNING * * *
Casting: Magic Dart
Confirm with . or Enter, or press ? or * to list all spells.
Aiming: Magic Dart
Press: ? - help, Shift-Dir - straight line, f/p - wight
Aim: a wight, wielding an enchanted dagger and wearing a robe (moderately damaged)
The magic dart hits the wight.
The wight is moderately damaged.
The wight barely misses you.
You hit the wight but do no damage.
The wight is moderately damaged.
The wight barely misses you.
You closely miss the wight.
The wight is moderately damaged.
The wight hits you with an enchanted dagger!
Ouch! That really hurt!
You die...

#...# #......................
#...###.#####################
#....##.# #.....#.# #.......#
#....#..### ####.#....###
#.##÷#...#### ############
#.##.###.@z.# #...#.....>>
#.##..#####.###...........
######.###.÷..##..######.......
##....>......#.###..............
##..............#####..##..######
#.................###..##..# ####
#..÷.......................###.8.
#...............#.##.##..###.....
#...............#.##.##..# #.8..#


You could see a wight.

Vanquished Creatures
  2 bats (D:1)
  2 goblins (D:1)
  2 frilled lizards (D:1)
  5 kobolds (D:1)
  3 rats (D:1)
14 creatures vanquished.

Notes
Turn   | Place    | Note
-------+----------+-------------------------------------------
     0 | D:1      | Faca the Deep Elf Conjurer began the quest for the Orb.
     0 | D:1      | Reached XP level 1. HP: 10/10 MP: 6/6
     8 | D:1      | Noticed a swamp worm
     8 | D:1      | Noticed a black bear
     8 | D:1      | Noticed a salamander
     8 | D:1      | Noticed a rime drake
     8 | D:1      | Noticed a komodo dragon
   204 | D:1      | Reached XP level 2. HP: 13/15 MP: 8/8
   484 | D:2      | Noticed a wight
   484 | D:2      | Noticed a wight
   484 | D:2      | Noticed a wight
   484 | D:2      | Noticed a wight
   514 | D:1      | Mangled by a wight

Action                   || total
-------------------------++-------
Melee: Short sword       ||    19
 Cast: Magic Dart        ||    14
 Stab: Sleeping          ||     3
Armor: Robe              ||     2
Dodge: Dodged            ||    15
